 Dungeon Crawl Stone Soup version 0.29.1-15-g9cfb28693d (webtiles) character file.

Game seed: 10891424178498578136

93 Madmarshman the Chopper (level 4, -4/60 HPs)
             Began as a Minotaur Berserker on Apr 7, 2023.
             Was a Believer of Trog.
             Slain by Natasha (7 damage)
             ... on level 2 of the Dungeon.
             The game lasted 00:11:10 (1893 turns).

Madmarshman the Chopper (Minotaur Berserker)        Turns: 1893, Time: 00:11:11

Health: -4/60      AC:  6    Str: 24    XL:     4   Next: 36%
Magic:  3/3        EV: 11    Int:  4    God:    Trog [**....]
Gold:   106        SH:  0    Dex:  9    Spells: 3/3 levels left

rFire   . . .      SeeInvis .   a - +0 hand axe
rCold   . . .      Faith    .   (no shield)
rNeg    . . .      Spirit   .   p - +0 ring mail
rPois   .          Reflect  .   (helmet restricted)
rElec   .          Harm     .   k - +0 cloak
rCorr   .          Rampage  .   (no gloves)
Will    ++...                   (no boots)
Stlth   ..........              (no amulet)
HPRegen 1.20/turn               (no ring)
MPRegen 0.08/turn               (no ring)

@: berserking, strong-willed, regenerating, very quick
A: horns 2, retaliatory headbutt
a: Renounce Religion, Berserk, Trog's Hand


You were on level 2 of the Dungeon.
You worshipped Trog.
Trog was pleased with you.
You visited 1 branch of the dungeon, and saw 2 of its levels.

You collected 106 gold pieces.

Inventory:

Hand Weapons
 a - a +0 hand axe (weapon)
Missiles
 e - 13 stones (quivered)
 m - 3 javelins
Armour
 k - a +0 cloak (worn)
 p - a +0 ring mail (worn)
Scrolls
 b - a scroll of vulnerability {unknown}
 d - a scroll of enchant weapon {unknown}
Potions
 c - a potion of haste {unknown}
 f - a potion of berserk rage {unknown}
 g - a potion of lignification {unknown}
 h - 2 potions of curing
 i - a potion of heal wounds {unknown}
 j - a potion of attraction {unknown}
 l - a potion of mutation {unknown}
 o - a potion of degeneration {unknown}


   Skills:
 + Level 4.2 Fighting
 * Level 4.9 Axes
 + Level 3.3 Armour
 + Level 3.0 Dodging


You had 3 spell levels left.
You didn't know any spells.
Your spell library was empty.

Dungeon Overview and Level Annotations

Branches:
Dungeon (2/15)

Altars:

Annotations:
D:2 Natasha


Innate Abilities, Weirdness & Mutations

You have a pair of horns on your head.
You reflexively headbutt those who attack you in melee.


Message History

You hit something. Something claws you but does no damage.
You miss something. Something claws you.
You closely miss something.
You hear some strange, mumbled words.
Something tries to affect you, but you resist.
You closely miss something.
You hear some strange, mumbled words.
Something claws you.
You hit something but do no damage. Something claws you but does no damage.
You barely miss something. Your headbutt misses something.
The shadow imp gestures at you. Pain shoots through your body!
Something claws you.
You miss something. The shadow imp gestures at you.
You barely resist. Something claws you.
* * * LOW HITPOINT WARNING * * *
You hit something but do no damage. Something claws you but does no damage.
Your skin crawls.
You feel strong-willed. The shadow imp hits you.
* * * LOW HITPOINT WARNING * * *
Something claws you.
* * * LOW HITPOINT WARNING * * *
A red film seems to cover your vision as you go berserk!
You feel yourself moving faster!
You feel mighty! The shadow imp barely misses you.
Something claws you but does no damage.
You miss something. You closely miss the shadow imp. You barely miss something.
Your headbutt misses something. You closely miss the shadow imp.
Something claws you but does no damage. The shadow imp hits you.
* * * LOW HITPOINT WARNING * * *
You miss something. You hit the shadow imp. The shadow imp hits you.
* * * LOW HITPOINT WARNING * * *
Something completely misses you.
You closely miss something. Your headbutt misses something.
You completely miss the shadow imp. You miss something.
You hit the shadow imp but do no damage.
Something claws you!
You die...

#.##.##.....
..###########....#####.[
......#.....#.#..# ##.
....<.........#.>### #.
..............##...####.
..............####...###
..............# #...###
......{5......# ##....#
.......@......#####.##.#
........................
#.....^.....#######.....
########.....#######..#.
##...........#..##
#..###.####.....## #.##
#...###...[.. #.# ###.#
###.... ########.### #.#
#.....


You could see a shadow imp (summoned).

Vanquished Creatures
  Natasha (twice) (D:2)
  5 dart slugs
  5 bats
  2 endoplasms
  A giant cockroach (D:1)
  3 goblins (D:1)
  2 hobgoblins
  A jackal (D:2)
  3 kobolds (D:1)
  2 quokkas (D:2)
  2 ball pythons (D:1)
  A frilled lizard (D:2)
  3 rats
32 creatures vanquished.

Vanquished Creatures (collateral kills)
  A jackal (D:2)
1 creature vanquished.

Vanquished Creatures (others)
  6 plants (D:2)
6 creatures vanquished.

Grand Total: 39 creatures vanquished

Notes
Turn   | Place    | Note
-------+----------+-------------------------------------------
     0 | D:1      | Madmarshman the Minotaur Berserker began the quest for the
                  | Orb.
     0 | D:1      | Reached XP level 1. HP: 19/19 MP: 0/0
   499 | D:1      | Reached XP level 2. HP: 27/27 MP: 1/1
   877 | D:1      | Found a faded altar of an unknown god.
  1059 | D:2      | Reached XP level 3. HP: 33/33 MP: 2/2
  1080 | D:2      | Reached ** piety under Trog
  1206 | D:2      | Noticed Natasha
  1216 | D:2      | Killed Natasha
  1609 | D:2      | Reached XP level 4. HP: 38/40 MP: 3/3
  1706 | D:2      | Noticed Natasha
  1714 | D:2      | Killed Natasha
  1874 | D:2      | Noticed Natasha
  1887 | D:2      | HP: 2/40 [something (2)]
  1893 | D:2      | Slain by Natasha

Illustrated notes

Levels and vault maps discovered:
D:1:      dpeg_arrival_yet_another_circle, layout_loops_ring,
          chequers_ecumenical_altar_simple_redux, columned_hall_lemuel,
          minmay_misc_feat_chi, minivault_27
D:2:      layout_rooms, kennysheep_boxes, uniq_natasha

Skill      XL: |  1  2  3  4 |
---------------+-------------+-----
Axes           | 4 |  4.9
Fighting       | 4 |  4.2
Armour         | 3 |  3.3
Dodging        | 3 |  3.0

Action                   |  1- 3 |  4- 6 || total
-------------------------+-------+-------++-------
Melee: Hand axe          |    80 |    16 ||    96
       Headbutt          |    11 |       ||    11
       Punch             |     1 |       ||     1
Throw: Stone             |       |     1 ||     1
Invok: Berserk           |     1 |     1 ||     2
       Trog's Hand       |       |     1 ||     1
  Use: Scroll            |     2 |       ||     2
Armor: Leather armour    |    15 |       ||    15
       Ring mail         |    16 |     5 ||    21
Dodge: Dodged            |    58 |     6 ||    64
